 Dungeon Crawl Stone Soup version 0.29.0-13-gc9e81de378 (webtiles) character file.

Game seed: 5436492675766802297

58 SnakkuSnakku7 the Caller (level 4, 0/37 HPs)
             Began as a Ghoul Summoner on Sept 8, 2022.
             Constricted to death by a ball python (1 damage)
             ... on level 2 of the Dungeon.
             The game lasted 00:02:30 (1973 turns).

SnakkuSnakku7 the Caller (Ghoul Summoner)           Turns: 1973, Time: 00:02:30

Health: 0/37       AC:  9    Str: 13    XL:     4   Next: 2%
Magic:  5/5        EV:  2    Int: 10    God:
Gold:   50         SH:  0    Dex:  9    Spells: 5/6 levels left

rFire   . . .      SeeInvis .     - Unarmed
rCold   + . .      Faith    .   (no shield)
rNeg    + + +      Spirit   .   h - +0 chain mail
rPois   ∞          Reflect  .   (no helmet)
rElec   .          Harm     .   g - +0 cloak
rCorr   .          Rampage  .   (no gloves)
Will    .....                   (no boots)
Stlth   ..........              (no amulet)
HPRegen 0.00/turn               (no ring)
MPRegen 0.09/turn               (no ring)

@: inhibited regen, constricted
A: claws 1, cold resistance 1, negative energy resistance 3, inhibited
regeneration, torment resistance 2, devour on kill
a: no special abilities


You were on level 2 of the Dungeon.
You visited 1 branch of the dungeon, and saw 2 of its levels.

You collected 50 gold pieces.

Inventory:

Missiles
 c - 15 poisoned darts
Armour
 a - a +0 robe
 g - a +0 cloak (worn)
 h - a +0 chain mail (worn)
Jewellery
 k - a +4 ring of evasion
Scrolls
 d - a scroll of teleportation {unknown}
 e - a scroll of immolation {unknown}
 f - a scroll of enchant armour {unknown}
 i - a scroll of identify {unknown}
 j - 2 scrolls of noise {unknown}
 m - a scroll of magic mapping {unknown}
Potions
 b - 2 potions of magic
 l - a potion of heal wounds {unknown}
 n - a potion of flight {unknown}
 o - a potion of attraction {unknown}


   Skills:
 + Level 2.6 Fighting
 - Level 1.7 Dodging
 - Level 2.1 Stealth
 + Level 2.5 Unarmed Combat
 - Level 1.7 Spellcasting
 - Level 3.6 Summonings


You had 5 spell levels left.
You knew the following spells:

 Your Spells              Type           Power      Damage    Failure   Level
a - Summon Small Mammal   Summ           32%        N/A       95%         1

Your spell library contained the following spells:

 Spells                   Type           Power      Damage    Failure   Level
 Call Imp                 Summ           8%         N/A       99%         2
 Call Canine Familiar     Summ           8%         N/A       100%        3
 Summon Guardian Golem    Hex/Summ       4%         N/A       100%        3
 Summon Lightning Spire   Summ/Air       4%         N/A       100%        4


Dungeon Overview and Level Annotations

Branches:
Dungeon (2/15)

Altars:
Makhleb


Innate Abilities, Weirdness & Mutations

You are immune to poison.
You have sharp fingernails.
Your flesh is cold resistant. (rC+)
You are immune to negative energy. (rN+++)
You do not regenerate when monsters are visible.
You are immune to unholy pain and torment.
You thrive by killing the living.


Message History

The ball python grabs you.
You stop ascending the stairs.
The ball python constricts you.
The gnoll hits you but does no damage. x2
Unknown command.
You escape the ball python's grasp.
The ball python bites you. The ball python grabs you.
You stop ascending the stairs.
The ball python constricts you.
The ball python bites you but does no damage.
The gnoll hits you with a +0 club. The gnoll hits you with a +0 flail.
The ball python bites you but does no damage.
The ball python constricts you.
Unknown command.
You escape the ball python's grasp.
The ball python barely misses you. The ball python grabs you.
You stop ascending the stairs.
The ball python constricts you. The gnoll hits you with a +0 club.
The gnoll hits you with a +0 flail.
Unknown command.
Unknown command.
Unknown command.
You escape the ball python's grasp.
The ball python barely misses you. The ball python grabs you.
You stop ascending the stairs.
The ball python constricts you.
The ball python bites you but does no damage.
The gnoll barely misses you. The gnoll hits you with a +0 flail.
* * * LOW HITPOINT WARNING * * *
The ball python bites you but does no damage.
The ball python constricts you.
Unknown command.
Unknown command.
The ball python's grasp on you weakens, but your attempt to escape fails.
The ball python bites you but does no damage.
The gnoll hits you but does no damage. The gnoll hits you with a +0 flail!
* * * LOW HITPOINT WARNING * * *
The ball python completely misses you. The ball python constricts you.
Unknown command.
Unknown command.
Unknown command.
You escape the ball python's grasp.
The ball python closely misses you. The ball python grabs you.
You stop ascending the stairs.
The ball python constricts you.
You die...

#######.###.#
#.S#..######
##.........#
###÷###....#
##...÷.##...#
#.......#...#
###.......#...#
##.#...#...#.Sg#
###..#.......#.g@#
.....#.......#..S#
.....##.....##...#
......###'########
..........#
......#####
..†<..# ......#
#######


You could see 2 gnolls and 2 ball pythons.

Vanquished Creatures
  A gnoll (D:1)
  3 worms (D:2)
  2 dart slugs
  2 endoplasms
  A giant cockroach (D:1)
  2 hobgoblins
  6 jackals
  5 kobolds (D:1)
  2 quokkas
  A ball python (D:2)
  2 bats (D:1)
  2 frilled lizards
  5 goblins (D:1)
34 creatures vanquished.

Notes
Turn   | Place    | Note
-------+----------+-------------------------------------------
     0 | D:1      | SnakkuSnakku7 the Ghoul Summoner began the quest for the
                  | Orb.
     0 | D:1      | Reached XP level 1. HP: 14/14 MP: 2/2
   246 | D:1      | Reached skill level 1 in Fighting
   246 | D:1      | Reached skill level 1 in Unarmed Combat
   266 | D:1      | Reached XP level 2. HP: 18/23 MP: 3/3
   476 | D:1      | Found a faded altar of an unknown god.
   827 | D:1      | Reached XP level 3. HP: 29/29 MP: 4/4
  1709 | D:2      | Found a burning altar of Makhleb.
  1826 | D:1      | Reached XP level 4. HP: 20/37 MP: 5/5
  1972 | D:2      | HP: 1/37 [gnoll/+0 flail (10)]
  1973 | D:2      | Constricted to death by a ball python

Illustrated notes

Levels and vault maps discovered:
D:1:      elethiomel_arrival_shortcut, layout_rooms,
          hellmonk_ecumenical_altar_heavens_door
D:2:      layout_rooms, basic_altar, kennysheep_flooded_box, uniq_robin

Skill      XL: |  1  2  3 |
---------------+----------+-----
Fighting       | 1 2 |  2.6
Unarmed Combat | 1 2 |  2.5
Dodging        | |  1.7
Stealth        | |  2.1
Spellcasting   | |  1.7
Summonings     | |  3.6

Action                   |  1- 3 |  4- 6 || total
-------------------------+-------+-------++-------
Melee: Unarmed           |   190 |       ||   190
       Punch             |     3 |       ||     3
 Stab: Sleeping          |     1 |       ||     1
Armor: Robe              |    15 |       ||    15
       Chain mail        |    70 |    10 ||    80
Dodge: Dodged            |    73 |     9 ||    82
